 Dungeon Sprint DCSS version 0.24-a0-530-g18ba70b503 (webtiles) character file.

Game seed: 11776679440306254270

15701 DasRunzen the Tortoise (level 12, -2/121 HPs)
             Began as a Minotaur Fighter on Aug 9, 2019.
             Was the Champion of Okawaru.
             Slain by an ettin
             ... wielding a +0 great mace
              (17 damage)
             ... while petrified by you
             ... in the Dungeon (Sprint IX: "|||||||||||||||||||||||||||||").
             The game lasted 00:07:04 (1533 turns).

DasRunzen the Tortoise (Minotaur Fighter)           Turns: 1533, Time: 00:07:05

Health: -2/121     AC: 21    Str: 24    XL:     12   Next: 3%
Magic:  19/19      EV:  2    Int:  8    God:    Okawaru [******]
Gold:   666        SH:  0    Dex: 15    Spells: 11/11 levels left

rFire    + + .     SeeInvis .   H - +4 scimitar (elec)
rCold    x . .     Gourm    .   c - +0 shield
rNeg     + + +     Faith    .   p - +1 fire dragon scales
rPois    ∞         Spirit   .   q - +0 hat
rElec    .         Reflect  .   b - +1 cloak
rCorr    .         Harm     .   y - +0 pair of gloves
MR       .....     NoTele   +   C - +1 pair of boots {Stlth+}
Stlth    +.........             (no amulet)
HPRegen  0.70/turn              r - +3 ring of intelligence
MPRegen  0.16/turn              s - +3 ring of strength

@: petrified
A: retaliatory headbutt, horns 2, sense surroundings 1, regeneration 1, subdued
magic 1
a: Heroism, Finesse, Renounce Religion


You were in the Dungeon.
You worshipped Okawaru.
Okawaru was exalted by your worship.
You were hungry.

You visited 1 branch You collected 1394 gold pieces.
You spent 728 gold pieces at shops.

Inventory:

Hand Weapons
 z - a +0 scimitar of flaming
 H - a +4 scimitar of electrocution (weapon)
Armour
 b - a +1 cloak (worn)
 c - a +0 shield (worn)
 p - +1 fire dragon scales (worn)
 q - a +0 hat (worn)
 y - a +0 pair of gloves (worn)
 C - a +1 pair of boots of stealth (worn)
Jewellery
 r - a +3 ring of intelligence (left hand)
 s - a +3 ring of strength (right hand)
 D - an uncursed ring of protection from cold
 E - an uncursed ring of magical power
 F - an uncursed ring of protection from cold
 G - an uncursed ring of see invisible
Wands
 o - a wand of acid (6)
 w - a wand of clouds (4)
 A - a wand of random effects (18)
Scrolls
 k - 4 scrolls of blinking
 m - 7 scrolls of remove curse
 n - 2 scrolls of amnesia
 u - a scroll of fear
 v - 2 scrolls of identify
 x - 2 scrolls of fog
Potions
 d - 2 potions of might
 e - 6 potions of curing
 g - 6 potions of heal wounds
 h - 2 potions of haste
 i - 5 potions of magic
 j - 3 potions of berserk rage
 l - a potion of invisibility
 t - 2 potions of brilliance
Comestibles
 f - 11 rations


   Skills:
 + Level 15.2 Fighting
 + Level 15.0 Long Blades
 + Level 15.2 Armour
 + Level 13.7 Dodging
 + Level 15.2 Shields
 + Level 11.7 Invocations


You had 11 spell levels left.
You didn't know any spells.
Your spell library was empty.

Dungeon Overview and Level Annotations

Branches:
Dungeon (1/1)

Altars:
Cheibriados
Dithmenos
Elyvilon
Fedhas
Gozag
Hepliaklqana
Kikubaaqudgha
Makhleb
Nemelex Xobeh
Okawaru
Qazlal
Ru
Sif Muna
Trog
Uskayaw
Vehumet
Wu Jian
Xom
Yredelemnul
Zin
The Shining One
Beogh
Jiyva
Lugonu

Shops:
D }(?}


Innate Abilities, Weirdness & Mutations

You reflexively headbutt those who attack you in melee.
You have a pair of horns on your head.
You passively map a small area around you.
Your natural rate of healing is unusually fast.
Your spells are a little easier to cast, but a little less powerful.


Message History

The ettin hits you with a +0 dire flail.
The boggart mumbles some strange words.
The ettin hits you with a +0 great mace!!
* * * LOW HITPOINT WARNING * * *
The ettin hits you with a +0 dire flail!
* * * LOW HITPOINT WARNING * * *
The boggart gestures wildly while chanting.
The boggart flickers and vanishes!
Deactivating autopickup; reactivate with Ctrl-A.
The ogre mage hits you with a +0 whip.
* * * LOW HITPOINT WARNING * * *
The deep elf mage casts a spell.
The deep elf mage blinks!
The ettin hits you but does no damage.
The ettin hits you with a +0 dire flail!!
* * * LOW HITPOINT WARNING * * *
The ogre mage barely misses you. The ettin completely misses you.
The ettin hits you with a +0 dire flail!!
You die...

...†÷........††...........'..[[.[
▓▓▓▓▓▓▓▓▓▓▓▓▓▓▓▓▓▓▓▓▓▓▓▓▓▓▓▓▓▓▓▓▓
.................................
▓▓▓▓▓▓▓▓▓▓▓▓▓▓▓▓▓▓▓▓▓▓▓▓▓▓▓▓▓▓▓▓▓
))))))))....)))).)∩)∩)∩)∩.)...'..
▓▓▓▓▓▓▓▓▓▓▓▓▓▓▓▓▓▓▓▓▓▓▓▓▓▓▓▓▓▓▓▓▓
)[...............................
▓▓▓▓▓▓▓▓▓▓▓▓▓▓▓▓▓▓▓▓▓▓▓▓▓▓▓▓▓▓▓▓▓
[[[[...!......'O@CcEe{wT ,,
▓▓▓▓▓▓▓▓▓▓▓▓▓▓▓▓▓▓▓▓▓▓▓▓ * * , ,,
, ,, ,, , *** * * *** * ** ** , +
, , , , , , * * ** * * * * , , ,
* ** * * ** * , ,,


You could see an ettin, an ogre mage, a deep troll shaman, an earth elemental, a
deep elf mage, a centaur and a dart slug.

Vanquished Creatures
  Gastronok (D)
  Josephine (D)
  Harold (D)
  Erica (D)
  A hydra (D)
  A catoblepas (D)
  A deep elf mage (D)
  8 orc sorcerers (D)
  A black mamba (D)
  Psyche (D)
  2 spiny frogs (D)
  A rime drake (D)
  A troll (D)
  A blink frog (D)
  5 wraiths (D)
  Eustachio (D)
  A wyvern (D)
  A yak (D)
  A hungry ghost (D)
  A warg (D)
  3 water moccasins (D)
  12 orc warriors (D)
  A sky beast (D)
  A black bear (D)
  An ice beast (D)
  A phantom (D)
  A centaur (D)
  A necrophage (D)
  An ogre (D)
  7 wolves (D)
  5 crocodiles (D)
  3 bullfrogs (D)
  3 scorpions (D)
  A killer bee (D)
  A hound (D)
  5 orc priests (D)
  11 orc wizards (D)
  2 leopard geckos (D)
  2 orcs (D)
  A bat skeleton (D)
  A ball python skeleton (D)
  A bat (D)
  A frilled lizard (D)
  2 kobolds (D)
100 creatures vanquished.

Vanquished Creatures (others)
  A tengu conjurer (D)
  A jackal skeleton (D)
2 creatures vanquished.

Grand Total: 102 creatures vanquished

Notes
Turn   | Place    | Note
-------+----------+-------------------------------------------
     0 | D        | DasRunzen the Minotaur Fighter began the quest for the Orb.
     0 | D        | Reached XP level 1. HP: 19/19 MP: 0/0
    11 | D        | Reached skill level 1 in Dodging
    18 | D        | Noticed a hound
    18 | D        | Noticed a phantom
    18 | D        | Noticed an ogre
    19 | D        | Killed a hound
    19 | D        | Reached XP level 2. HP: 25/28 MP: 1/1
    19 | D        | Reached XP level 3. HP: 32/35 MP: 2/2
    27 | D        | Reached skill level 5 in Fighting
    27 | D        | Reached skill level 5 in Armour
    27 | D        | Reached skill level 5 in Shields
    33 | D        | Killed an ogre
    33 | D        | Reached skill level 5 in Long Blades
    33 | D        | Reached XP level 4. HP: 32/44 MP: 3/3
    41 | D        | Killed a phantom
    41 | D        | Reached skill level 5 in Dodging
    41 | D        | Reached XP level 5. HP: 33/52 MP: 4/4
   157 | D        | Found a roughly hewn altar of Beogh.
   157 | D        | Found a snail-covered altar of Cheibriados.
   157 | D        | Found a shadowy altar of Dithmenos.
   157 | D        | Found a white marble altar of Elyvilon.
   157 | D        | Found a blossoming altar of Fedhas.
   157 | D        | Found an opulent altar of Gozag.
   158 | D        | Found a hazy altar of Hepliaklqana.
   159 | D        | Found a viscous altar of Jiyva.
   160 | D        | Found an ancient bone altar of Kikubaaqudgha.
   161 | D        | Found a corrupted altar of Lugonu.
   162 | D        | Found a burning altar of Makhleb.
   163 | D        | Found a sparkling altar of Nemelex Xobeh.
   164 | D        | Found an iron altar of Okawaru.
   165 | D        | Found a stormy altar of Qazlal.
   166 | D        | Found a sacrificial altar of Ru.
   167 | D        | Found a deep blue altar of Sif Muna.
   168 | D        | Found a bloodstained altar of Trog.
   169 | D        | Found a hide-covered altar of Uskayaw.
   170 | D        | Found a radiant altar of Vehumet.
   171 | D        | Found an ornate altar of the Wu Jian Council.
   172 | D        | Became a worshipper of Warmaster Okawaru
   173 | D        | Found a shimmering altar of Xom.
   174 | D        | Found a basalt altar of Yredelemnul.
   175 | D        | Found a glowing silver altar of Zin.
   176 | D        | Found a glowing golden altar of the Shining One.
   227 | D        | Noticed a black bear
   227 | D        | Noticed a sky beast
   228 | D        | Reached skill level 1 in Invocations
   229 | D        | Reached XP level 6. HP: 61/61 MP: 4/6
   234 | D        | Killed a sky beast
   235 | D        | Reached * piety under Okawaru
   235 | D        | Reached XP level 7. HP: 69/69 MP: 4/8
   242 | D        | Noticed a deep elf mage
   255 | D        | Killed a deep elf mage
   255 | D        | Reached ** piety under Okawaru
   255 | D        | Reached skill level 5 in Invocations
   255 | D        | Reached XP level 8. HP: 64/79 MP: 6/10
   259 | D        | Reached skill level 10 in Armour
   265 | D        | Reached skill level 10 in Fighting
   265 | D        | Reached skill level 10 in Shields
   359 | D        | Gained mutation: Your spells are a little easier to cast,
                  | but a little less powerful. [potion of mutation]
   359 | D        | Gained mutation: Your natural rate of healing is unusually
                  | fast. [potion of mutation]
   359 | D        | Gained mutation: You passively map a small area around you.
                  | [potion of mutation]
   374 | D        | Noticed a spiny frog
   376 | D        | Noticed a spiny frog
   387 | D        | Reached skill level 10 in Long Blades
   390 | D        | Noticed a rime drake
   399 | D        | Killed a spiny frog
   399 | D        | Reached *** piety under Okawaru
   399 | D        | Reached XP level 9. HP: 75/86 MP: 11/13
   401 | D        | Killed a spiny frog
   409 | D        | Killed a rime drake
   409 | D        | Reached skill level 10 in Dodging
   526 | D        | Noticed a five-headed hydra
   526 | D        | Noticed a black mamba
   530 | D        | Reached **** piety under Okawaru
   534 | D        | Killed a five-headed hydra
   536 | D        | Killed a black mamba
   536 | D        | Reached ***** piety under Okawaru
   536 | D        | Reached XP level 10. HP: 66/97 MP: 13/15
   803 | D        | Noticed Josephine
   811 | D        | Noticed Erica
   815 | D        | Killed Josephine
   820 | D        | Received a gift from Okawaru
   827 | D        | Killed Erica
   839 | D        | Noticed Psyche
   840 | D        | Noticed Eustachio
   843 | D        | Killed Psyche
   843 | D        | Received a gift from Okawaru
   848 | D        | Killed Eustachio
   880 | D        | Reached skill level 10 in Invocations
   880 | D        | Reached XP level 11. HP: 107/107 MP: 17/17
  1001 | D        | Noticed an orc sorcerer
  1007 | D        | Killed an orc sorcerer
  1008 | D        | Noticed an orc sorcerer
  1032 | D        | Killed an orc sorcerer
  1032 | D        | Reached ****** piety under Okawaru
  1188 | D        | Found Nuitoif's Gadget Emporium.
  1188 | D        | Noticed an orc sorcerer
  1188 | D        | Noticed an orc sorcerer
  1188 | D        | Noticed an orc sorcerer
  1191 | D        | Noticed an orc sorcerer
  1196 | D        | Killed an orc sorcerer
  1198 | D        | Killed an orc sorcerer
  1198 | D        | Noticed a sun demon
  1207 | D        | Killed an orc sorcerer
  1214 | D        | Killed an orc sorcerer
  1215 | D        | Found Soshaofa's Weapon Shoppe.
  1220 | D        | Found Buqim's Magic Scroll Emporium.
  1224 | D        | Noticed an orc sorcerer
  1225 | D        | Found Managy's Gadget Shoppe.
  1225 | D        | Noticed an orc sorcerer
  1234 | D        | Killed an orc sorcerer
  1241 | D        | Killed an orc sorcerer
  1287 | D        | Bought a scroll of acquirement for 728 gold pieces
  1341 | D        | Noticed Gastronok
  1342 | D        | Noticed Harold
  1354 | D        | Killed Gastronok
  1354 | D        | Received a gift from Okawaru
  1361 | D        | Killed Harold
  1361 | D        | Reached skill level 15 in Fighting
  1361 | D        | Reached skill level 15 in Armour
  1361 | D        | Reached skill level 15 in Shields
  1492 | D        | Noticed a catoblepas
  1496 | D        | Noticed a deep elf mage
  1505 | D        | Noticed an ogre mage
  1511 | D        | Noticed an ettin
  1523 | D        | Killed a catoblepas
  1523 | D        | Reached skill level 15 in Long Blades
  1523 | D        | Reached XP level 12. HP: 108/121 MP: 19/19
  1529 | D        | Noticed a deep troll shaman
  1533 | D        | Slain by an ettin

Levels and vault maps discovered:
D:        linesprint [early_d, line_temple, items_1, d_10, items_2, lair_1,
          lair_end, items_3, orc_1, orc_end, items_4, d_15, swamp_1, shoals_1,
          snake_1, spider_1, d_20, vaults_1, items_5, swamp_end, shoals_end,
          snake_end, spider_end, vaults_end, d_27, items_6, zot_1, zot_end,
          crypt_end, forest_end, elf_end, slime_end, tomb_end, abyss_end,
          pan_hell_end]

Skill      XL: |  1  2  3  4  5  6  7  8  9 10 11 |
---------------+----------------------------------+-----
Fighting       | 4 6 7 8 9 10 12 13 15 | 15.2
Armour         | 4 6 7 8 9 10 12 13 15 | 15.2
Dodging        | 2 4 5 6 8 9 10 12 13 | 13.7
Shields        | 4 6 7 8 9 10 12 13 15 | 15.2
Long Blades    | 4 5 6 7 8 9 10 11 13 15 | 15.0
Invocations    | 2 3 5 6 8 10 11 | 11.7

Action                   |  1- 3 |  4- 6 |  7- 9 | 10-12 || total
-------------------------+-------+-------+-------+-------++-------
Melee: Long sword        |    23 |     8 |       |       ||    31
       Headbutt          |     6 |     2 |    12 |    73 ||    93
       Scimitar          |       |     7 |    60 |   220 ||   287
Evoke: Wand              |       |       |     4 |       ||     4
  Use: Potion            |       |       |     1 |       ||     1
       Scroll            |       |       |       |     1 ||     1
 Stab: Petrified         |       |       |       |     4 ||     4
  Eat: Chunk             |       |       |       |     2 ||     2
Armor: Scale mail        |     6 |     1 |     8 |    20 ||    35
       Fire dragon scale |       |       |       |    11 ||    11
Dodge: Dodged            |     7 |     3 |    25 |    57 ||    92
Block: Shield            |    12 |     6 |    28 |    87 ||   133
       Rpst.: Long sword |     3 |       |       |       ||     3
       Scimitar          |       |       |     5 |    20 ||    25

Table legend:
 A = Non-vault XP
 B = Vault XP
 C = Vault XP percentage of total XP
 D = Non-vault monster count
 E = Vault monster count
 F = Vault count percentage of total count
                 A         B        C        D         E       F
            +---------+---------+-------+---------+---------+-------
      Total |       0 |   22431 | 100.0 |       0 |     101 | 100.0
            +---------+---------+-------+---------+---------+-------
          D |       0 |   22431 | 100.0 |       0 |     101 | 100.0
            +---------+---------+-------+---------+---------+-------
